Map: Eternal Empire LE

Players

DPGPartinG (PartinG)

  • Race: Protoss Protoss
  • League: Grandmaster
  • Spawn Location: 7:00

TYTY (TY) - Winner!

  • Race: Terran Terran
  • League: Grandmaster
  • Spawn Location: 1:00

Event: DreamHack SC2 Masters 2020 Summer Season Finals

VOD

Have the link to the VOD?

Description

Time

  • Played on: July 16, 2020, 12:28 p.m.
  • Length: 13:06

All games in this series

Show
View Real Time Build Order
Export as new Build Order

DPGPartinG Protoss 

Build Orders: 1 Gate Expand, Colossus Rush, Dark Templar Rush 

Get SALT Encoding   

  12  0:00  Probe  
  13  0:12  Probe  
  14  0:18  Pylon  
  14  0:24  Probe  
  15  0:32  Probe  
  15  0:37  Gateway  
  15  0:40  Probe  
  16  0:47  Assimilator  
  17  0:51  Probe  
  18  1:03  Probe  
  19  1:15  Probe  
  20  1:24  Cybernetics Core  
  20  1:33  Nexus  
  20  1:39  Pylon  
  20  1:43  Probe  
  21  1:50  Adept, Assimilator  
  21  1:56  Probe  
  24  2:03  Shield Battery  
  24  2:07  Warp Gate  
  24  2:10  Probe, Stalker  
  27  2:23  Probe  
  28  2:34  Twilight Council  
  28  2:35  Probe  
  29  2:41  Pylon  
  29  2:47  Probe  
  30  2:53  Probe  
  31  3:00  Probe  
  32  3:06  Probe  
  33  3:15  Probe  
  33  3:17  Dark Shrine, Gateway  
  33  3:18  Probe  
  33  3:24  Robotics Facility  
  33  3:29  Probe, Shield Battery  
  33  3:30  Probe  
  35  3:37  Probe  
  35  3:38  Probe  
  35  3:42  Assimilator  
  35  3:46  Probe  
  35  3:48  Probe  
  39  3:56  Stalker  
  39  3:58  Probe  
  39  3:59  Assimilator  
  39  4:00  Probe  
  39  4:02  Warp Prism  
  43  4:07  Pylon  
  45  4:18  Probe x2  
  47  4:27  Blink  
  47  4:30  Probe  
  47  4:31  Dark Templar x2  
  51  4:33  Probe  
  51  4:38  Probe  
  53  4:40  Observer  
  53  4:45  Probe, Pylon  
  55  4:47  Probe  
  57  4:57  Probe  
  57  4:59  Probe, Robotics Bay  
  57  5:05  Observer  
  57  5:06  Pylon  
  58  5:09  Gateway  
  58  5:11  Gateway  
  58  5:18  Probe x2  
  60  5:22  Pylon  
  60  5:24  Sentry x2  
  64  5:31  Probe  
  64  5:32  Probe  
  66  5:37  Pylon  
  66  5:38  Nexus  
  66  5:39  Colossus  
  66  5:40  Shield Battery  
  66  5:47  Extended Thermal Lance  
  72  5:55  Probe  
  72  5:56  Probe  
  74  6:01  Stalker, Observer  
  76  6:08  Stalker  
  76  6:09  Stalker  
  80  6:17  Stalker  
  82  6:19  Probe x2, Charge  
  82  6:20  Shield Battery  
  84  6:29  Gateway  
  84  6:30  Gateway  
  84  6:44  Stalker x3  
  82  6:50  Dark Templar  
  82  6:53  Shield Battery, Colossus  
  82  7:02  Probe x3  
  91  7:10  Observer  
  91  7:12  Stalker x2  
  91  7:14  Probe x3  
  98  7:16  Forge  
  98  7:22  Forge  
  94  7:24  Pylon  
  94  7:26  Pylon  
  94  7:29  Sentry x2, Zealot  
  100  7:38  Pylon  
  100  7:39  Gateway  
  100  7:40  Gateway  
  100  7:42  Pylon x2  
  100  7:48  Gateway x2  
  100  7:49  Warp Prism, Pylon  
  100  7:50  Protoss Ground Weapons Level 1  
  100  7:51  Protoss Ground Armor Level 1  
  100  7:55  Dark Templar x2  
  104  8:03  Archon  
  106  8:07  Zealot x3  
  112  8:22  Pylon x2  
  112  8:27  Stalker x3  
  112  8:28  Zealot x2  
  122  8:37  Zealot x2  
  126  8:43  Zealot, Dark Templar  
  126  8:47  Nexus  
  130  8:50  Pylon  
  130  8:54  Dark Templar  
  132  8:55  Zealot  
  134  9:03  Zealot x3  
  134  9:04  Zealot  
  134  9:09  Zealot x2  
  146  9:15  Observer  
  147  9:19  Zealot x2, Assimilator x2  
  151  9:36  Zealot x7  
  121  9:40  Zealot x2  
  93  9:51  Zealot x2  
  81  9:57  Templar Archives  
  81  9:58  Zealot x6  
  89  10:12  Probe  
  89  10:13  Probe x2, Psionic Storm  
  92  10:15  Probe  
  92  10:16  Sentry x2, Zealot  
  99  10:27  Zealot x5  
  109  10:29  Stalker  
  111  10:37  High Templar  
  111  10:39  High Templar  
  115  10:47  High Templar  
  115  10:48  Zealot x4  
  125  10:56  High Templar  
  127  11:10  Zealot, High Templar  
  127  11:11  Zealot x3  
  137  11:18  High Templar  
  128  11:21  Zealot x2  
  93  11:34  Zealot x2  
  93  11:35  Zealot x2  
  93  11:39  Archon  
  97  11:40  Archon  
  79  11:47  Zealot x3  
  79  11:56  Zealot  
  79  11:57  Zealot  
  32  12:11  High Templar x4  
  32  12:13  Zealot x2  
  44  12:15  Archon x2  
  44  12:24  Observer  
  43  12:30  High Templar  
  43  12:34  Observer  
  44  12:39  Probe  
  44  12:41  High Templar  
  44  12:44  Probe  
  48  12:47  Probe  
  44  12:56  Photon Cannon  
Show
View Real Time Build Order
Export as new Build Order

TYTY Terran - Winner!

Build Orders:  

Get SALT Encoding   

  12  0:00  SCV  
  13  0:12  SCV  
  14  0:17  Supply Depot  
  14  0:24  SCV  
  15  0:38  SCV  
  15  0:40  Barracks  
  16  0:44  Refinery  
  16  0:50  SCV  
  17  1:02  SCV  
  18  1:15  SCV  
  19  1:28  Marine  
  19  1:29  Orbital Command  
  20  1:43  Command Center  
  20  1:46  Barracks Reactor  
  20  1:55  SCV  
  20  1:57  Supply Depot  
  21  2:05  Factory  
  21  2:09  SCV  
  22  2:17  Refinery  
  22  2:21  SCV  
  22  2:22  Marine x2  
  25  2:33  SCV  
  26  2:40  Marine x2  
  28  2:45  SCV  
  28  2:49  Hellion  
  30  2:52  Starport  
  30  3:02  SCV  
  30  3:05  Orbital Command  
  31  3:07  Marine x2  
  31  3:16  Factory Tech Lab  
  31  3:17  SCV  
  32  3:25  Marine x2  
  34  3:30  SCV  
  34  3:34  SCV  
  36  3:37  Raven  
  36  3:40  Factory Tech Lab  
  36  3:41  Bunker  
  38  3:42  SCV  
  38  3:43  Marine  
  38  3:46  SCV  
  42  3:49  Supply Depot  
  42  3:54  SCV  
  43  3:57  Barracks  
  43  3:58  SCV  
  43  4:01  Siege Tank  
  46  4:10  SCV x2  
  46  4:14  Barracks  
  46  4:16  Supply Depot  
  50  4:24  SCV x2  
  50  4:26  Refinery  
  50  4:29  Starport Reactor  
  50  4:32  Marine  
  50  4:33  Stimpack  
  50  4:36  SCV x2  
  53  4:44  Supply Depot  
  53  4:48  SCV x2  
  55  4:55  Marine  
  56  5:00  SCV x2  
  56  5:03  Engineering Bay  
  56  5:05  Combat Shield  
  56  5:06  Marauder  
  60  5:10  Supply Depot  
  60  5:12  SCV  
  59  5:14  Marine x2  
  59  5:15  Medivac x2  
  59  5:17  SCV  
  65  5:23  Marine  
  65  5:24  SCV  
  65  5:27  Marine  
  65  5:28  Supply Depot  
  67  5:29  SCV  
  68  5:36  SCV, Marine  
  68  5:37  Marine  
  68  5:39  Missile Turret  
  68  5:40  Factory Reactor  
  68  5:41  SCV, Marine  
  73  5:47  Missile Turret  
  73  5:52  SCV  
  73  5:53  SCV  
  73  5:55  Medivac  
  73  5:56  Marine x2  
  76  6:03  Marauder  
  78  6:05  SCV  
  78  6:09  SCV  
  77  6:13  Supply Depot  
  77  6:17  SCV, Marauder  
  80  6:21  Terran Infantry Weapons Level 1  
  80  6:23  Widow Mine x2  
  85  6:27  Marine  
  85  6:32  Marine  
  86  6:33  Supply Depot  
  86  6:34  Supply Depot  
  86  6:35  Marine  
  87  6:43  Marauder  
  89  6:48  Widow Mine x2  
  89  6:49  SCV  
  94  6:54  Concussive Shells, SCV  
  94  6:55  Marauder  
  94  6:57  Supply Depot, Medivac  
  95  7:11  Marine  
  95  7:12  Marine  
  95  7:15  SCV x2  
  99  7:16  Command Center  
  99  7:25  Supply Depot  
  99  7:26  Marauder x2  
  103  7:31  Viking x2  
  109  7:39  Factory Tech Lab  
  109  7:41  Marine x2  
  109  7:42  Supply Depot x2  
  109  7:48  SCV x2  
  111  7:52  Marauder  
  111  7:53  Marauder  
  111  7:57  Siege Tank  
  118  8:01  Refinery  
  118  8:05  Barracks  
  118  8:07  Viking x2, Barracks  
  118  8:08  SCV  
  118  8:11  Marine x2  
  124  8:21  Marauder  
  124  8:22  Marauder  
  124  8:24  SCV x2  
  130  8:31  Siege Tank  
  130  8:32  Ghost Academy  
  133  8:34  Marine x2  
  133  8:36  Orbital Command  
  135  8:43  Medivac  
  135  8:46  Marine x2  
  139  8:52  Marine x2  
  139  8:54  Marine, Barracks Tech Lab  
  139  8:55  Marine  
  145  8:59  Orbital Command  
  145  9:08  Supply Depot  
  145  9:09  Marine  
  147  9:10  Marine  
  147  9:11  SCV, Refinery  
  147  9:12  SCV  
  153  9:19  Marine  
  153  9:23  SCV  
  154  9:30  Missile Turret  
  154  9:34  Marine  
  154  9:35  Missile Turret  
  127  9:44  Unknown x2, Marine x3  
  127  9:45  Marauder x2  
  124  9:46  SCV x3  
  124  9:47  Unknown, Marauder  
  124  9:52  Marine  
  128  10:00  Viking x2  
  128  10:04  Terran Infantry Armor Level 1  
  128  10:05  Armory, Engineering Bay  
  128  10:06  Marine  
  131  10:07  Marine  
  131  10:08  Marine  
  131  10:12  Marauder x3, Marine  
  137  10:20  SCV x3  
  140  10:21  Missile Turret  
  140  10:23  Marine  
  140  10:24  Marine  
  142  10:30  Liberator x2  
  142  10:35  Marauder x3, Marine  
  155  10:37  Marine  
  156  10:47  Supply Depot x2  
  156  10:49  Marine x2  
  158  10:51  Command Center  
  158  10:54  Marine  
  158  10:56  Marauder x2  
  160  11:11  Marine x2  
  160  11:12  Marine, Liberator  
  160  11:13  Liberator  
  160  11:15  Orbital Command  
  160  11:17  SCV  
  151  11:24  Marine  
  151  11:25  Marauder x2, Marine  
  142  11:29  Marine  
  142  11:30  SCV x2  
  132  11:41  Marine  
  132  11:43  Marauder  
  132  11:46  SCV, Marauder  
  129  11:52  Marine x2  
  115  11:59  Orbital Command  
  88  12:04  Medivac  
  88  12:05  Medivac  
  75  12:13  SCV x2  
  77  12:20  Marine  
  77  12:21  Marine x2  
  80  12:31  Marine  
  84  12:40  Marine  
  84  12:43  Marine x2  
  89  12:45  SCV x2  
  89  12:47  SCV  
  99  13:04  Unknown  
  99  13:05  Unknown  
Tags
 
Add a new tag
Caveats
  • Supply blocks, unpowered buildings, or Contaminate may cause inaccurate times.
  • Supply counts are checked every 10 seconds.